 Dungeon Crawl Stone Soup version 0.20-a0-842-g939b552 (webtiles) character file.

69 M4edhros the Slasher (level 4, 0/35 HPs)
             Began as a Mummy Chaos Knight on Mar 9, 2017.
             Slain by a two-headed ogre
             ... wielding a +2 dire flail of protection
              (12 damage)
             ... on level 4 of the Dungeon.
             The game lasted 00:02:24 (3126 turns).

M4edhros the Slasher (Mummy Chaos Knight)           Turns: 3126, Time: 00:02:25

Health: 0/35       AC: 11    Str: 15    XL:     4   Next: 2%
Magic:  4/4        EV:  3    Int: 11    God:    Xom [...*..]
Gold:   163        SH:  3    Dex: 12    Spells: 3/3 levels left

rFire    x . .     SeeInvis .   a - +0 falchion (chaos)
rCold    + . .     Gourm    .   i - +0 plate armour (curse)
rNeg     + + +     Faith    .   h - +0 buckler (curse)
rPois    ∞         Spirit   .   (no helmet)
rElec    .         Reflect  .   (no cloak)
rCorr    .         Harm     .   j - +0 pair of gloves
MR       +....                  (no boots)
Stlth    ..........             (no amulet)
Regen    0.2/turn               f - ring of stealth
MPRegen  0.1/turn               g - ring of protection from magic

@: very slightly contaminated
A: no food or potions, fire vulnerability, cold resistance 1, negative energy
resistance 3, torment resistance, unbreathing
a: Renounce Religion


You were on level 4 of the Dungeon.
You worshipped Xom.
You were a favourite toy of Xom.
You were not hungry.

You visited 1 branch of the dungeon, and saw 4 of its levels.

You collected 163 gold pieces.

Inventory:

Hand Weapons
 a - a +0 falchion of chaos (weapon)
Armour
 b - a +2 leather armour
 h - a cursed +0 buckler (worn)
 i - a cursed +0 plate armour (worn)
 j - a +0 pair of gloves (worn)
Jewellery
 f - a ring of stealth (right hand)
 g - a ring of protection from magic (left hand)
 m - an uncursed ring of stealth
Wands
 k - a wand of disintegration (11/24)
Scrolls
 c - 3 scrolls of identify


   Skills:
 - Level 3.0 Fighting
 + Level 3.9 Long Blades
 - Level 1.5 Armour
 + Level 1.0 Dodging
 + Level 0.4 Shields


You had 3 spell levels left.
You didn't know any spells.

Dungeon Overview and Level Annotations

Branches:
Dungeon (4/15)
 Temple: D:4-7

Altars:
Trog
Xom

Shops:
D:4 !!


Innate Abilities, Weirdness & Mutations

You do not eat or drink.
Your flesh is vulnerable to fire.
You are immune to poison.
Your flesh is cold resistant. (rC+)
You are immune to negative energy. (rN+++)
You are immune to unholy pain and torment.
You can survive without breathing.


Message History

Press: ? - help, Shift-Dir - straight line, f - two-headed ogre
Aim: a two-headed ogre, wielding a dire flail of protection and a dire flail (blue smoke, almost dead, chance to defeat MR: 48%)
The two-headed ogre resists with some effort.
This wand has 13 charges left.
Evoke which item? (* to show all) (? for menu, Esc to quit)
Aiming: Disintegrate
Press: ? - help, Shift-Dir - straight line, f/p - two-headed ogre
Aim: a two-headed ogre, wielding a dire flail of protection and a dire flail (blue smoke, almost dead, chance to defeat MR: 48%)
The two-headed ogre resists with some effort.
This wand has 12 charges left.
Evoke which item? (* to show all) (? for menu, Esc to quit)
You don't have any such object.
Evoke which item? (* to show all) (? for menu, Esc to quit)
Aiming: Disintegrate
Press: ? - help, Shift-Dir - straight line, f/p - two-headed ogre
Aim: a two-headed ogre, wielding a dire flail of protection and a dire flail (almost dead, chance to defeat MR: 48%)
The two-headed ogre is blasted.
This wand has 11 charges left.
The two-headed ogre hits you with a dire flail of protection!
You die...
Xom chortles!

#...## #.#.#
##.#####.#.##....
#.###............
#......#§§##...##
#.###..#§§##.#.#
#.###..##§##.#.#
#.##...§§§§§.#.#
........#O##.#.#♣#♣#♣
..........@...........
#........#####.###♣...♣
#........#.....#### .
##..........###....♣
...........###.####
#..........##.#
#..........##.#
#..........##.#########.#
#####..........##.....<.....#


You could see a two-headed ogre.

Vanquished Creatures
  2 adders (D:2)
  An ooze (D:4)
  2 worms
  A leopard gecko (D:1)
  An orc (D:3)
  3 bats
  4 giant cockroaches
  4 goblins
  3 hobgoblins
  3 frilled lizards
  6 kobolds
  7 rats
37 creatures vanquished.

Vanquished Creatures (collateral kills)
  An ooze (D:2)
1 creature vanquished.

Grand Total: 38 creatures vanquished

Notes
Turn   | Place    | Note
-------+----------+-------------------------------------------
     0 | D:1      | M4edhros the Mummy Chaos Knight began the quest for the Orb.
     0 | D:1      | Reached XP level 1. HP: 18/18 MP: 1/1
    33 | D:1      | XOM: harmless Hex miscast
   849 | D:1      | XOM: noise
   867 | D:1      | XOM: silly message
   964 | D:1      | XOM is BORED!
  1038 | D:1      | XOM: 1-stop teleportation journey
  1152 | D:1      | Reached XP level 2. HP: 24/24 MP: 2/2
  1507 | D:2      | Reached XP level 3. HP: 12/29 MP: 3/3
  1822 | D:2      | XOM: silly message
  1862 | D:2      | Found a faded altar of an unknown god.
  1873 | D:2      | XOM: scenery: create altars
  1916 | D:2      | XOM: 1-stop teleportation journey
  1927 | D:2      | XOM: summons 3 friendly demons
  2629 | D:3      | XOM: harmless Hex miscast
  2636 | D:3      | Reached skill level 1 in Dodging
  2900 | D:3      | Found a bloodstained altar of Trog.
  2900 | D:3      | XOM: 3-stop teleportation journey
  2901 | D:3      | Noticed a moth of wrath
  2955 | D:4      | Reached XP level 4. HP: 35/35 MP: 4/4
  3008 | D:4      | Found Hayh's Distillery.
  3047 | D:4      | Found Veune's Distillery.
  3078 | D:4      | Noticed a two-headed ogre
  3084 | D:4      | XOM: butterfly on damage
  3089 | D:4      | XOM: blink monster(s)
  3094 | D:4      | XOM: summons 4 friendly demons
  3103 | D:4      | XOM: confuse monster(s)
  3126 | D:4      | Slain by a two-headed ogre

Vault maps used:
D:1:      tarquinn_simple_flora_water_f
D:2:      first_bread, chequers_ecumenical_altar_simple_redux,
          small_statue_intersection, hex_tiny
D:3:      tgw_trog
D:4:      serial_shops, nicolae_shop_trees, kennysheep_little_box, shop,
          serial_forest, infiniplex_forest_clump_curved,
          infiniplex_forest_lined_room_, infiniplex_forest_clump_large,
          infiniplex_forest_clump_tiny, infiniplex_forest_straight_1,
          infiniplex_forest_fountain, infiniplex_forest_end_3,
          infiniplex_forest_clump_small, infiniplex_forest_clump_small,
          infiniplex_forest_join, uniq_natasha

Skill      XL: |  1  2  3 |
---------------+----------+-----
Long Blades    | 3 |  3.9
Dodging        | 1 |  1.0
Fighting       | |  3.0
Armour         | |  1.5
Shields        | |  0.4

Action                   |  1- 3 |  4- 6 || total
-------------------------+-------+-------++-------
Melee: Falchion          |   120 |       ||   120
Evoke: Wand              |       |    16 ||    16
  Use: Scroll            |       |     6 ||     6
 Stab: Sleeping          |     3 |       ||     3
Armor: Leather armour    |    30 |       ||    30
       Plate armour      |    75 |       ||    75
Dodge: Dodged            |    62 |     2 ||    64
Block: Buckler           |    10 |       ||    10
       Rpst.: Falchion   |    12 |       ||    12
